 Dungeon Crawl Stone Soup version 0.23-a0-512-g50a8178 (webtiles) character file.

91 Leeroy the Charmwright (level 4, 0/38 HPs)
             Began as a Gnoll Skald on Dec 4, 2018.
             Splashed by Ijyb's acid (12 damage)
             ... on level 3 of the Dungeon.
             The game lasted 00:10:24 (2044 turns).

Leeroy the Charmwright (Gnoll Skald)                Turns: 2044, Time: 00:10:25

Health: 0/38       AC:  9    Str: 14    XL:     4   Next: 59%
Magic:  11/11      EV: 14    Int: 16    God:
Gold:   136        SH:  0    Dex: 14    Spells: 2/13 levels left

rFire    . . .     SeeInvis +   f - +4 mace (protect)
rCold    . . .     Gourm    .   (no shield)
rNeg     . . .     Faith    .   b - +0 leather armour
rPois    .         Spirit   .   D - +2 helmet {SInv}
rElec    .         Reflect  .   (no cloak)
rCorr    .         Harm     .   (no gloves)
MR       .....                  (no boots)
Stlth    +.........             (no amulet)
HPRegen  0.12/turn              (no ring)
MPRegen  0.12/turn              (no ring)

@: corroded, protection aura
A: distributed training, fangs 1, strong nose
a: no special abilities


You were on level 3 of the Dungeon.
You were not hungry.

You visited 1 branch of the dungeon, and saw 3 of its levels.

You collected 136 gold pieces.

Inventory:

Hand Weapons
 a - a +0 falchion
 e - a +0 whip
 f - a +4 mace of protection (weapon)
 h - a +0 dagger
 i - a +0 dagger
 n - a +2 vampiric short sword
 r - a +0 club
 s - a +0 spear
 A - a +1 hand axe of flaming
Missiles
 c - 89 stones (quivered)
 j - 55 arrows
 x - 23 bolts
 y - 15 poisoned needles
 B - 5 tomahawks
Armour
 b - a +0 leather armour (worn)
 o - a +0 helmet
 p - a +0 centaur barding
 u - a +0 robe
 v - a +0 chain mail
 z - a +0 ring mail
 D - a +2 helmet of see invisible (worn)
Jewellery
 l - an uncursed ring of see invisible {unknown}
Wands
 C - a wand of polymorph (7)
Scrolls
 k - a scroll of fog {unknown}
 m - 2 scrolls of remove curse {unknown}
 q - 3 scrolls of amnesia {unknown}
 t - a scroll of noise {unknown}
 w - a scroll of fear {unknown}
 E - a scroll of identify
Potions
 g - a potion of cancellation {unknown}
Comestibles
 d - 4 rations


   Skills:
 + Level 4.6 Fighting
 + Level 1.1 Short Blades
 + Level 4.6 Long Blades
 + Level 1.1 Axes
 + Level 1.1 Maces & Flails
 + Level 1.1 Polearms
 + Level 1.1 Staves
 + Level 1.1 Slings
 + Level 1.1 Bows
 + Level 1.1 Crossbows
 + Level 1.1 Throwing
 + Level 2.7 Armour
 + Level 4.6 Dodging
 + Level 1.1 Stealth
 + Level 1.1 Shields
 + Level 1.1 Unarmed Combat
 + Level 5.1 Spellcasting
 + Level 0.9 Conjurations
 + Level 0.9 Hexes
 + Level 5.4 Charms
 + Level 0.9 Summonings
 + Level 0.9 Necromancy
 + Level 0.9 Translocations
 + Level 0.9 Transmutations
 + Level 0.9 Fire Magic
 + Level 0.9 Ice Magic
 + Level 0.9 Air Magic
 + Level 0.9 Earth Magic
 + Level 0.9 Poison Magic
 + Level 1.2 Invocations
 + Level 1.1 Evocations


You had 2 spell levels left.
You knew the following spells:

 Your Spells              Type           Power        Failure   Level  Hunger
a - Infusion              Chrm           ###.         1%          1    None
b - Song of Slaying       Chrm           ###.....     3%          2    #......
c - Shroud of Golubria    Chrm/Tloc      ##........   8%          2    #......
d - Regeneration          Chrm/Necr      ##........   16%         3    ###....
e - Spectral Weapon       Hex/Chrm       ##......     16%         3    ###....

Your spell library contained the following spells:

 Spells                   Type           Power        Failure   Level  Hunger


Dungeon Overview and Level Annotations

Branches:
Dungeon (3/15)

Altars:
Ashenzari

Annotations:
D:3 Ijyb


Innate Abilities, Weirdness & Mutations

Your experience applies equally to all skills.
You have very sharp teeth.
Your uncanny sense of smell can sniff out nearby items.


Message History

Your weapon exudes an aura of protection.
Ijyb is lightly wounded.
Ijyb completely misses you.
Press: ? - help, v - describe, . - travel
Here: Ijyb, wearing a +0 leather armour and carrying a wand of acid (10)
The floor.
You closely miss Ijyb.
Ijyb is lightly wounded.
Ijyb screams, "Level is mine!
All mine!"
Ijyb zaps a wand.
The bolt of acid hits you!
You are splashed with acid!
The acid burns!
Ijyb hits you but does no damage.
You closely miss Ijyb.
Ijyb is lightly wounded.
Ijyb closely misses you.
You hit Ijyb.
Your weapon exudes an aura of protection.
Ijyb is moderately wounded.
Ijyb zaps a wand.
The bolt of acid hits you! The acid corrodes you!
You are splashed with acid!
The acid burns!
You die...

#...........# #
######.######### # #......# #
#......# ######
#.....#########....#
#..................# #####
#........######.#..######....
#........######.#............
#........##.@...#.######.....
#.....#####g#####............
#.....# #. #####.....###
###...# #.#########.......#
#...# #...............#.# ##
##........<....#
#.############# #.# #.# ∆


You could see Ijyb.

Vanquished Creatures
  Robin (D:1)
  An adder (D:3)
  An ooze (D:3)
  3 dart slugs
  A leopard gecko (D:2)
  An orc (D:3)
  6 bats (D:1)
  2 giant cockroaches
  12 hobgoblins
  A quokka (D:2)
  3 frilled lizards
  13 goblins
  3 kobolds
  8 rats
  3 fungi (D:1)
59 creatures vanquished.

Notes
Turn   | Place    | Note
-------+----------+-------------------------------------------
     0 | D:1      | Leeroy the Gnoll Skald began the quest for the Orb.
     0 | D:1      | Reached XP level 1. HP: 20/20 MP: 6/6
   156 | D:1      | Reached XP level 2. HP: 20/26 MP: 7/7
   160 | D:1      | Learned a level 2 spell: Song of Slaying
   163 | D:1      | Learned a level 2 spell: Shroud of Golubria
   988 | D:2      | Reached XP level 3. HP: 31/31 MP: 9/9
   993 | D:2      | Learned a level 3 spell: Regeneration
   997 | D:2      | Learned a level 3 spell: Spectral Weapon
  1001 | D:2      | Noticed Robin
  1004 | D:2      | Reached skill level 5 in Spellcasting
  1019 | D:2      | Reached skill level 1 in Invocations
  1104 | D:1      | Killed Robin
  1187 | D:2      | Reached skill level 1 in Short Blades
  1187 | D:2      | Reached skill level 1 in Axes
  1187 | D:2      | Reached skill level 1 in Maces & Flails
  1187 | D:2      | Reached skill level 1 in Polearms
  1187 | D:2      | Reached skill level 1 in Staves
  1187 | D:2      | Reached skill level 1 in Slings
  1187 | D:2      | Reached skill level 1 in Bows
  1187 | D:2      | Reached skill level 1 in Crossbows
  1187 | D:2      | Reached skill level 1 in Throwing
  1187 | D:2      | Reached skill level 1 in Stealth
  1187 | D:2      | Reached skill level 1 in Shields
  1187 | D:2      | Reached skill level 1 in Unarmed Combat
  1187 | D:2      | Reached skill level 1 in Evocations
  1282 | D:2      | Reached XP level 4. HP: 34/38 MP: 11/11
  1943 | D:3      | Found a shattered altar of Ashenzari.
  2040 | D:3      | Noticed Ijyb
  2044 | D:3      | Splashed by Ijyb's acid

Vault maps used:
D:1:      dpeg_arrival_prison
D:2:      uniq_robin
D:3:      ashenzari_conservatory_becter, first_ration, uniq_ijyb

Skill      XL: |  1  2  3 |
---------------+----------+-----
Spellcasting   | 5 |  5.1
Invocations    | 1 |  1.2
Short Blades   | 1 |  1.1
Axes           | 1 |  1.1
Maces & Flails | 1 |  1.1
Polearms       | 1 |  1.1
Staves         | 1 |  1.1
Slings         | 1 |  1.1
Bows           | 1 |  1.1
Crossbows      | 1 |  1.1
Throwing       | 1 |  1.1
Stealth        | 1 |  1.1
Shields        | 1 |  1.1
Unarmed Combat | 1 |  1.1
Evocations     | 1 |  1.1
Fighting       | |  4.6
Long Blades    | |  4.6
Armour         | |  2.7
Dodging        | |  4.6
Conjurations   | |  0.9
Hexes          | |  0.9
Charms         | |  5.4
Summonings     | |  0.9
Necromancy     | |  0.9
Translocations | |  0.9
Transmutations | |  0.9
Fire Magic     | |  0.9
Ice Magic      | |  0.9
Air Magic      | |  0.9
Earth Magic    | |  0.9
Poison Magic   | |  0.9

Action                   |  1- 3 |  4- 6 || total
-------------------------+-------+-------++-------
Melee: Falchion          |   116 |       ||   116
       Bite              |    11 |     2 ||    13
       Mace              |     7 |    44 ||    51
 Cast: Regeneration      |     2 |       ||     2
       Spectral Weapon   |     2 |       ||     2
       Song of Slaying   |     1 |     1 ||     2
       Infusion          |     1 |       ||     1
  Use: Potion            |     1 |       ||     1
       Scroll            |       |     2 ||     2
 Stab: Sleeping          |     1 |       ||     1
       Distracted        |     1 |       ||     1
  Eat: Ration            |     1 |       ||     1
       Chunk             |       |     1 ||     1
Armor: Leather armour    |    25 |     7 ||    32
Dodge: Dodged            |    78 |    30 ||   108
       Rpst.: Falchion   |    19 |       ||    19

Table legend:
 A = Non-vault XP
 B = Vault XP
 C = Vault XP percentage of total XP
 D = Non-vault monster count
 E = Vault monster count
 F = Vault count percentage of total count
                 A         B        C        D         E       F
            +---------+---------+-------+---------+---------+-------
      Total |      95 |      36 |  27.5 |      44 |      12 |  21.4
            +---------+---------+-------+---------+---------+-------
        D:1 |      31 |      16 |  34.0 |      20 |       2 |   9.1
        D:2 |      34 |      20 |  37.0 |      17 |      10 |  37.0
        D:3 |      30 |       0 |   0.0 |       7 |       0 |   0.0
            +---------+---------+-------+---------+---------+-------
